 Dungeon Crawl Stone Soup version 0.26-a0-1033-gd598b01645 (webtiles) character file.

Game seed: 6833924787627240291

0 Gargoyl the Skirmisher (level 1, -5/23 HPs)
             Began as a Gnoll Abyssal Knight on Dec 10, 2020.
             Was a Follower of Lugonu.
             Killed from afar by a guardian serpent (27 damage)
             ... with a bolt of poison
             ... on level 1 of the Abyss.
             The game lasted 00:00:11 (85 turns).

Gargoyl the Skirmisher (Gnoll Abyssal Knight)         Turns: 85, Time: 00:00:12

Health: -5/23      AC:  3    Str: 10    XL:     1   Next: 0%
Magic:  2/2        EV: 12    Int: 10    God:    Lugonu [*.....]
Gold:   8          SH:  0    Dex: 14    Spells: 0/0 levels left

rFire    . . .     SeeInvis .   a - +1 hand axe
rCold    . . .     Faith    .   (no shield)
rNeg     . . .     Spirit   .   b - +0 leather armour
rPois    .         Reflect  .   (no helmet)
rElec    .         Harm     .   (no cloak)
rCorr    .         Rampage  .   (no gloves)
Will     .....     Rnd*Rage +   (no boots)
Stlth    +.........             (no amulet)
HPRegen  0.07/turn              (no ring)
MPRegen  0.08/turn              (no ring)

@: lethally poisoned (-5 -> -21)
A: distributed training, fangs 1, [berserk 2], [dopey 2], [low mp 3], [weak 2],
strong nose
a: Depart the Abyss, Renounce Religion


You were on level 1 of the Abyss.
You worshipped Lugonu.
Lugonu was aware of your devotion.
You visited 0 branches of the dungeon, and saw 0 of its levels.
You visited the Abyss 1 time.

You collected 8 gold pieces.

Inventory:

Hand Weapons
 a - a +1 hand axe (weapon)
Armour
 b - a +0 leather armour (worn)


   Skills:
 + Level 6.4 Fighting
 + Level 0.0 Short Blades
 + Level 0.0 Long Blades
 + Level 4.4 Axes
 + Level 0.0 Maces & Flails
 + Level 0.0 Polearms
 + Level 0.0 Staves
 + Level 0.0 Slings
 + Level 0.0 Bows
 + Level 0.0 Crossbows
 + Level 0.0 Throwing
 + Level 4.4 Armour
 + Level 2.3 Dodging
 + Level 0.0 Stealth
 + Level 0.0 Shields
 + Level 0.0 Unarmed Combat
 + Level 0.0 Spellcasting
 + Level 0.0 Conjurations
 + Level 0.0 Hexes
 + Level 0.0 Summonings
 + Level 0.0 Necromancy
 + Level 0.0 Translocations
 + Level 0.0 Transmutations
 + Level 0.0 Fire Magic
 + Level 0.0 Ice Magic
 + Level 0.0 Air Magic
 + Level 0.0 Earth Magic
 + Level 0.0 Poison Magic
 + Level 4.4 Invocations
 + Level 0.0 Evocations


You couldn't memorise any spells.
You didn't know any spells.
Your spell library was empty.

Dungeon Overview and Level Annotations

Branches:
Dungeon (0/15)

Altars:


Innate Abilities, Weirdness & Mutations

Your experience applies equally to all skills.
You have very sharp teeth.
Your uncanny sense of smell can sniff out nearby items.
[You often lose your temper in combat.]
[You are very dopey. (Int -4)]
[Your magical capacity is extremely low. (-30% MP)]
[You are very weak. (Str -4)]


Message History

The wretched star pulses with an eldritch light!
You feel stupid. x2
The wretched star pulses with an eldritch light!
You feel less energetic. x2
Found a scroll labelled UCAZXA CETTI.
A guardian serpent comes into view.
The guardian serpent shouts!
The wretched star pulses with an eldritch light!
You feel a little pissed off.
You feel angry.
A small abomination comes into view.
The guardian serpent casts a spell at you.
You struggle to resist.
A smoke demon comes into view.
The wretched star pulses with an eldritch light!
You feel less energetic.
The guardian serpent casts a spell at you.
The bolt of poison hits you!!
You are poisoned.
Ouch! That really hurt!
You die...

##.....#.....#.
##...## $..# ..
##.## ##.## #.#
##...###...###...
#.#.....#.....#...
#......*.........
##...ยง.#S....#.
##...###...##
##x## ##@## #.
#...# #3...
#.....#
...............
.#.....#.....#..
...###...###...
#.# ##.## #.# ..
_.. ..


You could see a wretched star and a guardian serpent.

Vanquished Creatures (others)
  2 starspawn tentacles (Abyss:1)
2 creatures vanquished.

Notes
Turn   | Place    | Note
-------+----------+-------------------------------------------
     0 | Abyss:1  | Gargoyl the Gnoll Abyssal Knight began the quest for the
                  | Orb.
     0 | Abyss:1  | Reached XP level 1. HP: 23/23 MP: 3/3
    57 | Abyss:1  | Noticed a tentacled starspawn
    64 | Abyss:1  | Noticed a wretched star
    76 | Abyss:1  | Noticed a guardian serpent
    81 | Abyss:1  | Noticed a small abomination
    81 | Abyss:1  | Noticed a smoke demon
    85 | Abyss:1  | Found a hazy altar of Hepliaklqana.
    85 | Abyss:1  | Killed from afar by a guardian serpent

Illustrated notes

Levels and vault maps discovered:
Abyss:1:  base: Temple, evilmike_abyss_exit_12, base:
Temple

Table legend: (Time is in decaauts)
 A = Elapsed time spent in this place.
 B = Non-inter-level travel time spent in this place.
 C = Inter-level travel time spent in this place.
 D = Time resting spent in this place.
 E = Time spent auto-exploring this place.
 F = Levels seen in this place.
 G = Mean time per level.
                   A        B        C        D        E       F      G
               +--------+--------+--------+--------+--------+-----+--------+
         Total |     85 |     85 |      0 |      0 |     57 |   1 |   85.0 |
         Abyss |     85 |     85 |      0 |      0 |     57 |   1 |   85.0 |
               +--------+--------+--------+--------+--------+-----+--------+

Top non-repeatable levels by time:
 Abyss:1: 85 daAuts
